 Dungeon Crawl Stone Soup version 0.29-a0-559-g359e09b9d1 (webtiles) character file.

Game seed: 7774277192642469129

14093 frimble the Carver (level 12, -4/98 (103) HPs)
             Began as a Meteoran Ice Elementalist on June 10, 2022.
             Was a Priest of Cheibriados.
             Slain by a meliai
             ... wielding a +0 war axe
              (12 damage)
             ... on level 14 of the Dungeon.
             The game lasted 00:19:40 (5921 turns).

frimble the Carver (Meteoran Ice Elementalist)      Turns: 5921, Time: 00:19:41

HP:   -4/98 (103)   AC: 11    Str: 18    XL:     12   Next: 74%
MP:   17/20         EV: 13    Int: 39    God:    Cheibriados [***...]
Gold: 638           SH:  0    Dex: 23    Spells: 3/16 levels left

rFire   . . .      SeeInvis .   a - +2 falchion (freeze)
rCold   + . .      Faith    .   (no shield)
rNeg    . . .      Spirit   .   s - +1 leather armour {rC+}
rPois   +          Reflect  .   J - +2 helmet {Int+3}
rElec   .          Harm     .   k - +0 cloak
rCorr   .          Rampage  .   o - +1 pair of gloves
Will    +....                   q - +0 pair of boots
Stlth   +.........              (no amulet)
HPRegen 0.26/turn               n - ring of poison resistance
MPRegen 0.17/turn               E - +6 ring of intelligence

@: freezing walls, glowing, lightly drained, very slow
A: sense surroundings 2, otherworldly, glowing, explore regen
a: Renounce Religion, Bend Time, Temporal Distortion


You were on level 14 of the Dungeon.
You worshipped Cheibriados.
Cheibriados was most pleased with you.
You visited 2 branches of the dungeon, and saw 16 of its levels.
You also visited: Ossuary.

You collected 638 gold pieces.

Inventory:

Hand Weapons
 a - a +2 falchion of freezing (weapon)
 B - a +1 long sword of holy wrath
Missiles
 e - 3 javelins
 y - a throwing net
Armour
 k - a +0 cloak (worn)
 o - a +1 pair of gloves (worn)
 q - a +0 pair of boots (worn)
 s - a +1 leather armour of cold resistance (worn)
 t - a +0 kite shield
 w - +0 steam dragon scales
 J - a +2 helmet of intelligence (worn)
 L - +0 swamp dragon scales
Jewellery
 d - a ring of resist corrosion
 n - a ring of poison resistance (left hand)
 z - a ring of protection from fire
 E - a +6 ring of intelligence (right hand)
 G - an amulet of magic regeneration
 I - a +6 ring of strength
Wands
 p - a wand of mindburst (4)
 r - a wand of flame (36)
 F - a wand of digging (3)
 H - a wand of charming (5)
 N - a wand of iceblast (11)
Scrolls
 g - 2 scrolls of vulnerability
 u - a scroll of amnesia
 A - 2 scrolls of fog
 C - 4 scrolls of noise
 D - 3 scrolls of teleportation
 O - a scroll of enchant weapon
Potions
 b - 3 potions of magic
 c - a potion of berserk rage
 f - a potion of might
 i - 4 potions of attraction
 j - 6 potions of curing
 l - 2 potions of invisibility {unknown}
 m - 3 potions of lignification
 v - 2 potions of brilliance {unknown}
 x - a potion of mutation
 P - a potion of flight


   Skills:
 + Level 8.9 Fighting
 + Level 11.1 Long Blades
 - Level 2.4 Dodging
 - Level 1.4 Stealth
 - Level 5.1 Shields
 - Level 2.6 Spellcasting
 - Level 6.8 Translocations
 - Level 9.7 Ice Magic
 + Level 9.9 Invocations
 - Level 8.4 Evocations


You had 3 spell levels left.
You knew the following spells:

 Your Spells              Type           Power      Damage    Failure   Level
a - Freeze                Ice            100%       1d11      1%          1
b - Frozen Ramparts       Ice            100%       1d12      1%          3
c - Ozocubu's Armour      Ice            69%        N/A       1%          3
d - Blink                 Tloc           100%       N/A       1%          2
e - Hailstorm             Conj/Ice       43%        3d10      6%          4

Your spell library contained the following spells:

 Spells                   Type           Power      Damage    Failure   Level
 Lesser Beckoning         Tloc           56%        N/A       1%          3
 Portal Projectile        Hex/Tloc       64%        N/A       3%          3
 Beastly Appendage        Tmut           10%        N/A       4%          1
 Magic Dart               Conj           20%        1d4       4%          1
 Necrotize                Necr           20%        1d5       4%          1
 Slow                     Hex            20%        N/A       4%          1
 Sublimation of Blood     Necr           5%         N/A       7%          2
 Wereblood                Tmut           5%         N/A       7%          2
 Call Canine Familiar     Summ           5%         N/A       14%         3
 Spider Form              Tmut/Pois      5%         N/A       14%         3
 Vampiric Draining        Necr           5%         2d6       14%         3
 Passage of Golubria      Tloc           56%        N/A       2%          4
 Manifold Assault         Tloc           56%        N/A       8%          5
 Corpse Rot               Necr/Pois/Air  5%         N/A       43%         4
 Dispel Undead            Necr           5%         3d7       43%         4
 Leda's Liquefaction      Hex/Erth       2%         N/A       43%         4
 Petrify                  Tmut/Erth      5%         N/A       43%         4
 Agony                    Necr           5%         N/A       78%         5
 Irradiate                Conj/Tmut      2%         3d14      78%         5
 Silence                  Hex/Air        2%         N/A       78%         5
 Death Channel            Necr           2%         N/A       100%        6
 Lehudib's Crystal Spear  Conj/Erth      2%         10d2      100%        8


Dungeon Overview and Level Annotations

Branches:
Dungeon (15/15)            Temple (1/1) D:6            Lair (0/6) D:10
    Orc (0/2) D:10         Vaults (0/5) D:13        Ossuary (visited)
 Depths: D:15

Altars:
Ashenzari
Cheibriados
Dithmenos
Elyvilon
Fedhas
Hepliaklqana
Kikubaaqudgha
Nemelex Xobeh
Okawaru
Sif Muna
Trog
Wu Jian
Xom
Yredelemnul
Zin
The Shining One

Shops:
D:12 *

Annotations:
D:6 exclusion: oklob sapling


Innate Abilities, Weirdness & Mutations

You passively map the area around you.
You are easily found by Zot.
You glow in the dark.
You regain HP and MP as you explore.


Message History

The creatures around you are filled with an inner flame!
The meliai closely misses you.
The meliai stings you but does no damage.
The meliai hits you with a +0 war axe!
The meliai stings you but does no damage.
The meliai barely misses you. The meliai stings you.
The meliai hits you with a +0 war axe! The meliai stings you.
Casting: Ozocubu's Armour (safe; 1% risk of failure)
Confirm with . or Enter, or press ? or * to list all spells.
Aiming: Freeze (safe; 1% risk of failure)
Press: ? - help, Shift-Dir - straight line, f - meliai
Aim: a meliai, wielding a +0 war axe and wearing a +0 robe (inner flame)
Okay, then.
Casting: Freeze (safe; 1% risk of failure)
Confirm with . or Enter, or press ? or * to list all spells.
Casting: Frozen Ramparts (safe; 1% risk of failure)
Press: ? - help, Dir - look around, f - activate An open door, spattered with blood.
The walls around you are covered in ice.
The wall freezes the meliai.
Flame seeps out of the meliai.
The meliai hits you with a +1 war axe of draining!
You feel drained. The meliai misses you.
The wall freezes the meliai but does no damage.
The meliai hits you with a +0 war axe. The meliai stings you!
The wall freezes the meliai.
Flame seeps out of the meliai.
The meliai hits you with a +0 war axe! The meliai misses you.
The meliai is engulfed in blazing flames.
Flame seeps out of the meliai.
The wall freezes the meliai.
Flame seeps out of the meliai.
The meliai hits you with a +0 war axe!
* * * LOW HITPOINT WARNING * * *
The meliai stings you but does no damage.
The meliai is engulfed in blazing flames.
Flame seeps out of the meliai.
The wall freezes the meliai.
Flame seeps out of the meliai.
The meliai invokes the aid of its god against you.
Something smites you!
* * * LOW HITPOINT WARNING * * *
The wall freezes the meliai.
Flame seeps out of the meliai.
The meliai hits you with a +0 war axe!
You die...

* #.......#..#.........#
#.......#.##.........#
#.......'.##.........# *
#.......####.........# *
##'###### #.........# *
#.## #.........# #..###
####.###### ##...#
#.....# , *###@#
#######.## *,
#....yyy..# #........#
#...e.....+ #........# *
#.........# *#........#
,* #.........#
#........# *,*
#.........# #........# *
#.........#. #........#
,
,+.......?.##.#........#
* *** , ,, ,
*#..........#


You could see a deep elf pyromancer (inner flame) and 3 meliai.

Vanquished Creatures
  Snorg (D:14)
  A hydra (D:12)
  A two-headed ogre (D:11)
  2 boulder beetles
  A cyclops (D:14)
  2 manticores
  3 ugly things
  Maggie (D:10)
  3 unseen horrors
  3 trolls
  A meliai (D:13)
  A water elemental (D:12)
  3 wraiths
  A basilisk (D:13)
  A shadow (D:10)
  14 yaks
  Grum (D:10)
  A vampire mosquito (D:13)
  A steam dragon (D:6)
  Menkaure (D:6)
  2 wargs (D:10)
  A water moccasin (D:8)
  A sky beast (D:7)
  2 ogres
  3 wolves (D:10)
  2 orc warriors
  2 centaurs
  A kobold brigand (D:8)
  2 bullfrogs
  2 scorpions
  7 wights (D:8)
  8 killer bees
  2 electric eels (D:12)
  3 human zombies (Ossuary)
  5 orc priests
  3 hounds
  Terence (D:2)
  4 iguanas
  9 orc wizards
  3 mummies (Ossuary)
  7 gnolls
  2 adders
  2 shadow imps (D:7)
  2 white imps (D:6)
  An ufetubus (D:6)
  A worm (D:3)
  A dart slug (D:1)
  18 orcs
  2 endoplasms
  2 giant cockroaches
  3 goblins
  3 jackals (D:1)
  A quokka (D:3)
  4 ball pythons
  A bat (D:2)
  A hobgoblin zombie (Ossuary)
  2 jackal zombies (Ossuary)
  12 kobolds
  3 kobold zombies (Ossuary)
  2 orc zombies (Ossuary)
  A quokka zombie (D:6)
  3 rats
  2 rat zombies
182 creatures vanquished.

Vanquished Creatures (others)
  A tengu warrior (D:13)
  A fungus (D:2)
  9 plants
11 creatures vanquished.

Grand Total: 193 creatures vanquished

Notes
Turn   | Place    | Note
-------+----------+-------------------------------------------
     0 | D:1      | frimble the Meteoran Ice Elementalist began the quest for
                  | the Orb.
     0 | D:1      | Reached XP level 1. HP: 14/14 MP: 5/5
    40 | D:1      | Reached XP level 2. HP: 12/20 MP: 0/6
   157 | D:1      | You fall into a shaft and drop 1 floor!
   233 | D:2      | Reached skill level 5 in Ice Magic
   288 | D:2      | Noticed Terence
   295 | D:2      | Killed Terence
   296 | D:2      | Reached XP level 3. HP: 8/26 MP: 1/8
   337 | D:2      | Reached XP level 4. HP: 29/33 MP: 7/9
   341 | D:2      | Learned a level 3 spell: Frozen Ramparts
   345 | D:2      | Learned a level 3 spell: Ozocubu's Armour
   761 | D:3      | Reached XP level 5. HP: 38/38 MP: 3/10
   934 | D:3      | Found a bloodstained altar of Trog.
  1187 | D:4      | Reached XP level 6. HP: 32/45 MP: 7/11
  1373 | D:4      | Learned a level 2 spell: Blink
  1596 | D:4      | Reached skill level 1 in Translocations
  1671 | D:5      | Entered Level 5 of the Dungeon
  1740 | D:5      | Noticed an ogre
  1747 | D:5      | Killed an ogre
  1748 | D:5      | Reached XP level 7. HP: 50/50 MP: 4/12
  1808 | D:6      | Noticed a steam dragon
  1814 | D:6      | Killed a steam dragon
  2013 | D:6      | Reached XP level 8. HP: 57/57 MP: 8/13
  2043 | D:6      | Noticed Menkaure
  2046 | D:6      | Killed Menkaure
  2047 | D:6      | Reached skill level 5 in Translocations
  2188 | D:6      | Found a sand-covered staircase.
  2197 | Ossuary  | Entered an ossuary
  2500 | D:6      | Found a staircase to the Ecumenical Temple.
  2520 | Temple   | Entered the Ecumenical Temple
  2549 | Temple   | Became a worshipper of Cheibriados the Contemplative
  2909 | D:7      | Found a glowing golden altar of the Shining One.
  2961 | D:7      | Found a broken altar of Ashenzari.
  3017 | D:8      | Gained mutation: You passively map the area around you.
                  | [Meteoran growth]
  3017 | D:8      | Reached XP level 9. HP: 58/62 MP: 4/14
  3022 | D:8      | Learned a level 4 spell: Hailstorm
  3231 | D:8      | Reached skill level 5 in Evocations
  3295 | D:8      | Reached * piety under Cheibriados
  3303 | D:8      | Reached skill level 1 in Long Blades
  3303 | D:8      | Reached skill level 1 in Shields
  3314 | D:8      | Reached skill level 2 in Long Blades
  3647 | D:7      | Reached skill level 3 in Long Blades
  3733 | D:9      | Reached ** piety under Cheibriados
  3816 | D:9      | Reached XP level 10. HP: 58/69 MP: 9/15
  3887 | D:9      | Reached skill level 4 in Long Blades
  3927 | D:10     | Entered Level 10 of the Dungeon
  3944 | D:10     | Found a staircase to the Lair.
  3944 | D:10     | Noticed Grum
  3958 | D:10     | HP: 2/69 [wolf[Grum] (3)]
  4000 | D:10     | Reached skill level 5 in Long Blades
  4000 | D:10     | Reached skill level 5 in Shields
  4031 | D:10     | Reached skill level 1 in Fighting
  4061 | D:10     | Killed an unseen horror
  4065 | D:10     | Found a staircase to the Orcish Mines.
  4113 | D:10     | Reached skill level 6 in Long Blades
  4146 | D:10     | Reached skill level 1 in Invocations
  4165 | D:10     | Noticed Maggie
  4173 | D:10     | Killed Maggie
  4180 | D:10     | Reached skill level 7 in Long Blades
  4180 | D:10     | Reached XP level 11. HP: 24/84 MP: 7/16
  4192 | D:10     | HP: 3/85 [troll (14)]
  4196 | D:10     | Reached *** piety under Cheibriados
  4378 | D:10     | Killed Grum
  4379 | D:10     | Reached skill level 5 in Fighting
  4466 | D:11     | Noticed a manticore
  4476 | D:11     | Killed a manticore
  4477 | D:11     | Reached skill level 8 in Long Blades
  4477 | D:11     | Reached skill level 5 in Invocations
  4716 | D:11     | Found a shimmering blue altar of Sif Muna.
  4725 | D:11     | Got Sif Muna's Compendium of Enchantment
  4727 | D:11     | Got Sif Muna's Incunabulum of Attacks
  4963 | D:11     | Noticed a two-headed ogre
  4970 | D:11     | Killed a two-headed ogre
  4980 | D:11     | Noticed a boulder beetle
  4993 | D:11     | Killed a boulder beetle
  4994 | D:11     | Reached skill level 9 in Long Blades
  5170 | D:12     | Noticed an eight-headed hydra
  5179 | D:12     | Killed an eight-headed hydra
  5203 | D:12     | Found Zip Faom's General Store.
  5253 | D:12     | Noticed a manticore
  5267 | D:12     | Killed a manticore
  5268 | D:12     | Reached XP level 12. HP: 66/100 MP: 13/18
  5413 | D:12     | Reached skill level 10 in Long Blades
  5576 | D:13     | Noticed a boulder beetle
  5590 | D:13     | Killed a boulder beetle
  5590 | D:13     | Reached **** piety under Cheibriados
  5721 | D:13     | Found a gate to the Vaults.
  5721 | D:13     | Noticed a tengu warrior
  5721 | D:13     | Noticed a skeletal warrior
  5721 | D:13     | Noticed a vault guard
  5721 | D:13     | Noticed a vault guard
  5721 | D:13     | Noticed a vault guard
  5721 | D:13     | Noticed a vault guard
  5721 | D:13     | Noticed a centaur warrior
  5721 | D:13     | Noticed a skeletal warrior
  5726 | D:13     | You fall into a shaft and drop 2 floors!
  5726 | D:15     | Entered Level 15 of the Dungeon
  5872 | D:14     | Noticed Snorg
  5881 | D:14     | Killed Snorg
  5882 | D:14     | Reached skill level 11 in Long Blades
  5919 | D:14     | Noticed a deep elf pyromancer
  5921 | D:14     | Slain by a meliai

Illustrated notes

Levels and vault maps discovered:
D:1:      amcnicky_arrival_feature_with_door, layout_loops_ring,
          minmay_indecisive_spiral
D:2:      mumra_celtic_spiral_tile, layout_loops_corners,
          shapermc_ecumenical_altar_mp_ritualfount, uniq_terence
D:3:      layout_basic, mainiacjoe_overflow_alcove_1
D:4:      layout_loops_ring, st_stairs_7
D:5:      layout_loops_cross
D:6:      layout_loops_ring, minmay_temple_entry_oklob, enter_ossuary_4,
          serial_bayou_pond_d, amcnicky_mini_pool_medium, uniq_menkaure
D:7:      layout_cave_pools, overflow_temple_1_default,
          nicolae_ashenzari_panopticon, serial_shops, nicolae_shop_crystal,
          kennysheep_generic_room_15
D:8:      layout_loops_cross, chequers_serial_rivers_small_a
D:9:      lemuel_ogre_cave, layout_irregular_city, serial_column_ruins,
          column_ruins_courtyard_long, column_ruins_columns_corner,
          column_ruins_grid_1, column_ruins_open_small, column_ruins_open_tiny,
          column_ruins_grid_1, minmay_door_square
D:10:     layout_loops_ring, nicolae_uskayaw_dance_studio,
          erik_lair_orcish_takeover, orc_0_dummy, uniq_grum, uniq_maggie
D:11:     layout_roguey, nicolae_sif_muna_little_library
D:12:     layout_basic, serial_shops, shop
D:13:     layout_small_grid, lightli_vaults_fourway_checkpoint,
          kennysheep_small_circle
D:14:     layout_roguey, solitary_fountain, serial_shops, shop,
          serial_bayou_pond_a, nicolae_wu_jian_glorious_leap, uniq_snorg
D:15:     grunt_enter_depths_magical_seal, layout_loops_ring, lemuel_tele_altar,
          nicolae_specific_store
Temple:   compressed_dpeg_circular_temple

Skill      XL: |  1  2  3  4  5  6  7  8  9 10 11 12 |
---------------+-------------------------------------+-----
Ice Magic      | 5 6 7 8 9 |  9.7
Translocations | 3 4 6 |  6.8
Evocations     | 6 8 |  8.4
Long Blades    | 3 7 9 11 | 11.1
Shields        | 3 5 |  5.1
Fighting       | 4 7 8 |  8.9
Invocations    | 3 7 9 |  9.9
Dodging        | |  2.4
Stealth        | |  1.4
Spellcasting   | |  2.6

Action                   |  1- 3 |  4- 6 |  7- 9 | 10-12 || total
-------------------------+-------+-------+-------+-------++-------
Melee: Unarmed           |    10 |    25 |    85 |       ||   120
       Falchion          |       |       |    56 |   158 ||   214
       Punch             |       |       |     1 |     2 ||     3
 Cast: Freeze            |    21 |    37 |    68 |    12 ||   138
       Frozen Ramparts   |       |     4 |    23 |    33 ||    60
       Ozocubu's Armour  |       |     3 |     5 |    27 ||    35
       Blink             |       |       |     6 |     4 ||    10
Invok: Slouch            |       |       |       |     1 ||     1
Evoke: Wand              |       |       |    11 |    24 ||    35
  Use: Scroll            |       |     2 |    11 |     7 ||    20
       Potion            |       |       |     2 |     4 ||     6
 Stab: Paralysed         |       |       |       |    11 ||    11
Armor: Robe              |     5 |    12 |       |       ||    17
       Leather armour    |       |     3 |    94 |   134 ||   231
Dodge: Dodged            |    16 |    25 |    93 |   130 ||   264

Table legend: (Time is in decaauts)
 A = Elapsed time spent in this place.
 B = Non-inter-level travel time spent in this place.
 C = Inter-level travel time spent in this place.
 D = Time resting spent in this place.
 E = Time spent auto-exploring this place.
 F = Levels seen in this place.
 G = Mean time per level.
                   A        B        C        D        E       F      G
               +--------+--------+--------+--------+--------+-----+--------+
         Total |   7336 |   6840 |    496 |      0 |   4992 |  17 |  431.5 |
       Dungeon |   7006 |   6530 |    476 |      0 |   4974 |  15 |  467.1 |
        Temple |     67 |     48 |     19 |      0 |     18 |   1 |   67.0 |
       Ossuary |    262 |    262 |      0 |      0 |      0 |   1 |  262.0 |
               +--------+--------+--------+--------+--------+-----+--------+

Top non-repeatable levels by time:
    D:11: 970 daAuts
     D:6: 855 daAuts
    D:12: 778 daAuts
    D:10: 736 daAuts
     D:8: 645 daAuts
     D:4: 554 daAuts
     D:3: 539 daAuts
     D:7: 444 daAuts
     D:2: 419 daAuts
     D:9: 275 daAuts
 Ossuary: 262 daAuts
    D:13: 217 daAuts
     D:1: 157 daAuts
    D:14: 149 daAuts
    D:15: 147 daAuts
